 Dungeon Crawl Stone Soup version 0.21-a0-135-g8dc100c (webtiles) character file.

210970 Kythnos the Unseen (level 18, 0/97 HPs)
             Began as a Spriggan Enchanter on July 17, 2017.
             Was the Champion of Dithmenos.
             Slain by a merfolk impaler
             ... wielding a +2 demon trident of pain
              (1 damage)
             ... on level 1 of the Shoals.
             The game lasted 02:55:51 (48609 turns).

Kythnos the Unseen (Spriggan Enchanter)            Turns: 48609, Time: 02:55:51

Health: 0/97       AC:  8    Str: 20    XL:     18   Next: 20%
Magic:  23/38      EV: 36    Int: 21    God:    Dithmenos [******]
Gold:   1713       SH:  0    Dex: 20    Spells: 4/47 levels left

rFire    + . .     SeeInvis +   G - +7 rapier "Ludgheoti" {venom, +Inv Str+5 Int+3 SInv}
rCold    + + .     Gourm    .   (shield restricted)
rNeg     + . .     Faith    .   H - +2 robe {rC+ rF+}
rPois    .         Spirit   .   (helmet restricted)
rElec    +         Reflect  .   a - +2 cloak
rCorr    +         Harm     .   (gloves unavailable)
MR       +++..                  (boots unavailable)
Stlth    ++++++++++             F - macabre finger necklace {rN+}
HPRegen  0.26/turn              A - ring of Midnight {rElec rC+}
MPRegen  0.26/turn              M - +3 ring of evasion
                                I - ring "Zonurosk" {rCorr Str+4 Dex+2 Stlth+}

@: lethally poisoned (0 -> -7), very slightly contaminated, wreathed by umbra,
invisible, very quick
A: unfitting armour, hooves 1, horns 1, rugged brown scales 1, see invisible,
herbivore 3, speed 3, slow metabolism 2, strong 1
}: 1/15 runes: serpentine
a: Shadow Step, Shadow Form, Renounce Religion


You were on level 1 of the Shoals.
You worshipped Dithmenos.
Dithmenos was exalted by your worship.
You were not hungry.

You visited 7 branches of the dungeon, and saw 30 of its levels.
You also visited: Labyrinth.

You collected 2784 gold pieces.
You spent 1071 gold pieces at shops.

Inventory:

Hand Weapons
 r - a +2 short sword of distortion
 G - the +7 rapier "Ludgheoti" (weapon) {venom, +Inv Str+5 Int+3 SInv}
   (You took it off a deep elf mage on level 11 of the Dungeon)

   It poisons the flesh of those it strikes.
   It affects your strength (+5).
   It affects your intelligence (+3).
   It lets you see invisible.
   It lets you turn invisible.
Missiles
 p - 6 throwing nets (quivered)
Armour
 a - a +2 cloak (worn)
 C - the +1 robe of Grot {Str-2 Int+5}
   (You found it in a labyrinth)

   It affects your strength (-2).
   It affects your intelligence (+5).
 H - a +2 robe of resistance (worn)
Jewellery
 s - an uncursed ring of poison resistance
 y - an uncursed ring of ice
 A - the ring of Midnight (left hand) {rElec rC+}
   (You acquired it on level 11 of the Dungeon)

   [ring of protection from cold]

   It protects you from cold.
   It insulates you from electricity.
 F - the macabre finger necklace (around neck) {rN+}
   (You bought it in a shop on level 2 of the Orcish Mines)

   [amulet of nothing]

   It protects you from negative energy.
 I - the ring "Zonurosk" (on amulet) {rCorr Str+4 Dex+2 Stlth+}
   (You bought it in a shop on level 2 of the Orcish Mines)

   [ring of resist corrosion]

   It affects your strength (+4).
   It affects your dexterity (+2).
   It makes you more stealthy.
 M - a +3 ring of evasion (right hand)
 Y - the amulet of Maimej {Reflect Str+4 SH+4}
   (You took it off a naga on level 1 of the Snake Pit)

   [amulet of reflection]

   It shields you and reflects attacks.
   It affects your strength (+4).
   It affects your SH (+4).
Wands
 c - a wand of iceblast (12/15)
 o - a wand of digging (9/24)
 J - a wand of confusion (27/48)
 K - a wand of enslavement (12/24)
 Q - a wand of digging (18/24)
 U - a wand of digging (18/24)
 W - a wand of paralysis (16/24)
Scrolls
 b - a scroll of fog
 e - a scroll of fear
 g - 4 scrolls of remove curse
 k - 7 scrolls of teleportation
 m - 3 scrolls of enchant armour
 t - 4 scrolls of summoning
 u - 3 scrolls of recharging
 v - 3 scrolls of identify
 w - 4 scrolls of blinking
 O - a scroll of holy word
 X - a scroll of magic mapping
Potions
 j - a potion of agility
 l - 4 potions of flight
 q - a potion of ambrosia
 z - a potion of berserk rage
 B - a potion of magic
 D - 3 potions of curing
 E - 4 potions of mutation
 R - a potion of lignification
 S - a potion of might
Books
 h - a book of Burglary

   Spells                             Type                      Level
   a - Swiftness                      Charms/Air                   2
   b - Passwall                       Transmutation/Earth          2
   c - Passage of Golubria            Translocation                4
   d - Lee's Rapid Deconstruction     Earth                        5
   e - Darkness                       Hexes                        6
   f - Invisibility                   Hexes                        6
Miscellaneous
 Z - a phantom mirror
Comestibles
 d - 5 bread rations
 n - 10 fruits


   Skills:
 + Level 10.4 Fighting
 + Level 13.2 Short Blades
 + Level 16.2 Dodging
 + Level 20.6 Stealth
 + Level 15.2 Spellcasting
 + Level 19.8 Hexes
 - Level 8.1 Evocations


You had 4 spell levels left.
You knew the following spells:

 Your Spells              Type           Power        Failure   Level  Hunger
a - Ensorcelled Hibernat  Hex/Ice        ######       1%          2    None
b - Corona                Hex            #######      0%          1    None
c - Confuse               Hex            #######.     0%          3    None
d - Tukima's Dance        Hex            #######.     0%          3    None
e - Dazzling Spray        Conj/Hex       ######       1%          3    None
f - Passwall              Tmut/Erth      ###.......   6%          2    None
g - Discord               Hex            #######...   7%          8    #######
h - Invisibility          Hex            #######.     1%          6    #####..
i - Cause Fear            Hex            #######...   0%          4    None
j - Deflect Missiles      Chrm/Air       ###.......   99%         6    #####..
k - Silence               Hex/Air        ######....   1%          5    ###....


Dungeon Overview and Level Annotations

Branches:
Dungeon (15/15)            Temple (1/1) D:6            Lair (6/6) D:8
 Shoals (1/4) Lair:2        Snake (4/4) Lair:2        Slime (0/5) Lair:5
    Orc (2/2) D:10            Elf (0/3) Orc:2        Vaults (0/5) D:13
 Depths (1/5) D:15

Altars:
Ashenzari
Cheibriados
Dithmenos
Elyvilon
Fedhas
Gozag
Hepliaklqana
Kikubaaqudgha
Makhleb
Nemelex Xobeh
Okawaru
Qazlal
Ru
Sif Muna
Trog
Uskayaw
Vehumet
Wu Jian
Xom
Yredelemnul
Zin
The Shining One

Shops:
D:8 =   D:10 ([   Orc:2 (?(=   Depths:1 }}=

Portals:
Hell: Depths:1

Annotations:
D:3 2 transporters


Innate Abilities, Weirdness & Mutations

You are very small and have problems with some larger weapons.
You are too small for most types of armour.
You have supernaturally acute eyesight. (SInv)
You are a herbivore.
You cover ground extremely quickly.
You need consume almost no food.
You have large cloven feet.
You have a pair of small horns on your head.
You are partially covered in rugged brown scales. (AC +1, +3% HP)
Your muscles are strong. (Str +2)


Message History

You skewer the merfolk impaler like a kebab!!!
You kill the merfolk impaler!
Dithmenos accepts your kill.
The merfolk javelineer hits you but does no damage.
The merfolk impaler completely misses you.
Casting: Dazzling Spray
Confirm with . or Enter, or press ? or * to list all spells.
Aiming: Dazzling Spray
Press: ? - help, Shift-Dir - straight line, f - merfolk javelineer, p - merfolk impaler
Aim: a merfolk javelineer, wielding a spear of flaming and wearing a leather armour (heavily wounded, umbra)
The spray of energy hits the merfolk javelineer.
The merfolk javelineer is severely wounded.
The spray of energy misses the merfolk impaler. x2
The merfolk impaler hits you from afar with a trident of venom!
* * * LOW HITPOINT WARNING * * *
You are poisoned.
The merfolk impaler hits you from afar with a demon trident of pain!
* * * LOW HITPOINT WARNING * * *
You writhe in agony.
You die...

≈≈≈≈≈≈≈≈≈≈.≈≈≈≈≈≈≈...≈≈≈≈.≈≈≈
≈≈≈≈≈≈≈≈≈≈≈≈≈≈≈≈≈≈≈≈.≈≈≈≈..≈≈
≈≈≈≈≈≈≈≈≈≈≈≈≈≈≈≈≈≈≈≈..≈≈.≈≈≈≈
≈≈≈≈≈≈≈≈≈≈≈≈≈≈≈≈≈≈≈≈≈≈..)≈≈.≈≈≈
≈≈≈≈≈≈≈≈≈≈≈≈≈≈(≈≈≈≈≈.≈........≈
≈≈≈≈≈≈≈≈≈≈≈≈(≈≈≈≈≈≈≈≈....>#..≈≈
≈≈≈≈≈≈≈≈≈≈≈....≈≈≈≈≈≈≈.......≈≈
≈≈≈≈≈≈≈≈...≈≈..(≈≈≈≈...≈.......
≈≈≈≈≈≈....≈≈≈.@)≈≈≈...)≈≈..≈...
≈≈≈≈≈.....≈≈##)##≈≈###..≈≈≈...≈
≈≈≈≈......≈##mmm##≈...(.≈≈...≈≈
≈≈≈≈......≈#≈≈≈≈≈#≈......≈..≈≈≈
≈≈≈≈......≈#≈≈≈≈≈#≈P.......≈≈≈≈
≈≈≈≈......≈#≈≈≈≈≈#≈....(.≈≈≈≈≈≈
≈≈≈≈......≈##≈≈≈##≈.P.....≈≈≈≈≈
≈≈≈≈......≈≈#####≈≈P......≈≈≈≈≈
≈≈≈≈..PP...≈≈≈≈≈≈≈P.....).≈≈≈≈≈


You could see 2 merfolk impalers and a merfolk javelineer.

Vanquished Creatures
  A fire giant (Depths:1)
  8 nagarajas
  Louise (D:14)
  2 stone giants (Depths:1)
  Azrael (D:14)
  An ettin (D:15)
  Snorg (Lair:3)
  2 merfolk impalers (Shoals:1)
  2 merfolk javelineers (Shoals:1)
  A minotaur (Lab)
  A great orb of eyes (Depths:1)
  14 naga warriors
  An ice dragon (D:11)
  Fannar (D:10)
  6 catoblepae
  15 hydras
  10 shock serpents
  A merfolk avatar (Shoals:1)
  8 centaur warriors
  A merfolk aquamancer (Shoals:1)
  22 two-headed ogres
  6 anacondas
  3 ogre magi
  A death knight (D:12)
  2 tengu warriors (D:15)
  10 death yaks
  2 deep troll earth magi (Depths:1)
  9 naga sharpshooters
  A spriggan berserker (Depths:1)
  Urug (D:10)
  5 hell knights
  Sonja (D:11)
  A deep elf knight (D:15)
  3 deep trolls
  A sea snake (Shoals:1)
  3 unseen horrors
  7 necromancers
  3 naga ritualists
  A deep elf archer (D:15)
  4 harpies (Shoals:1)
  4 orc sorcerers
  6 orc knights
  2 ugly things
  An oklob plant (Lair:4)
  3 fauns (Shoals:1)
  2 deep elf magi
  4 cyclopes
  10 mana vipers
  11 elephants
  10 salamanders
  5 manticores
  A merfolk siren (Shoals:1)
  3 centaur zombies
  A frost giant skeleton (Depths:1)
  9 naga magi
  38 black mambas
  3 guardian serpents
  A water nymph (Shoals:1)
  The ghost of AvylaarBelgium the Thaumaturge, a novice DEIE of Vehumet (D:7)
  2 gargoyles (D:11)
  A molten gargoyle (Depths:1)
  11 spiny frogs
  2 spectral swamp worms (Depths:1)
  An efreet (D:15)
  5 komodo dragons
  A rime drake (Lair:2)
  A spriggan zombie (Depths:1)
  A yaktaur skeleton (Depths:1)
  4 freezing wraiths
  3 meliai (D:13)
  4 merfolk (Shoals:1)
  A tengu conjurer (D:15)
  A polar bear (Lair:6)
  5 trolls
  2 hornets
  6 dream sheep
  5 blink frogs (Lair:4)
  6 hippogriffs
  A redback (shapeshifter) (D:11)
  A shadow (D:13)
  3 water elementals (Shoals:1)
  2 wyverns (Lair:6)
  6 basilisks
  63 yaks
  3 fire elementals (D:14)
  Grum (D:11)
  An ettin skeleton (Depths:1)
  A wraith (D:12)
  Menkaure (D:7)
  12 hungry ghosts
  9 vampire mosquitoes
  34 nagas
  A soldier ant (D:11)
  3 acid dragons
  6 wargs
  20 water moccasins
  3 hell hounds
  10 porcupines
  42 orc warriors
  6 ice beasts
  3 sky beasts
  A necrophage (D:10)
  6 black bears
  2 eyes of draining
  3 phantoms
  23 ogres
  15 wolves
  24 centaurs
  10 crocodiles
  4 big kobolds
  23 bullfrogs
  A wyvern zombie (D:11)
  8 scorpions
  12 killer bees
  The ghost of Musica the Ruffian, a weakling NaTm (D:3)
  8 howler monkeys
  15 wights
  6 electric eels
  9 crimson imps
  9 hounds
  A quasit (D:6)
  A bullfrog zombie (D:5)
  6 orc priests
  3 centaur skeletons
  28 orc wizards
  3 iguanas
  7 hell rats (Lair:4)
  17 worker ants
  A hound zombie (D:5)
  2 hound skeletons
  A mummy (D:5)
  A worker ant zombie (D:5)
  A howler monkey skeleton (D:11)
  6 gnolls
  26 adders
  4 shadow imps
  A white imp (Depths:1)
  4 oozes
  An adder zombie (D:6)
  3 adder skeletons
  2 worms (D:2)
  3 dart slugs
  2 leopard geckos
  79 orcs
  2 ball pythons
  5 giant cockroaches
  2 gnoll zombies (D:2)
  9 goblins
  5 hobgoblins
  8 jackals
  8 kobolds
  4 quokkas
  4 bats (D:1)
  8 frilled lizards
  7 rats
  3 plants (Lair:6)
1021 creatures vanquished.

Vanquished Creatures (collateral kills)
  4 nagarajas (Snake:4)
  3 naga warriors (Snake:4)
  An anaconda (Snake:1)
  A dancing weapon (Snake:4)
  7 naga sharpshooters
  3 shock serpents (Snake:4)
  7 naga ritualists
  A mana viper (Snake:1)
  2 guardian serpents (Snake:4)
  2 black mambas (Snake:1)
  14 naga magi (Snake:4)
  18 nagas
  A gnoll shaman (D:7)
  An orc wizard (D:14)
  A gnoll (D:3)
  3 orcs
69 creatures vanquished.

Vanquished Creatures (others)
  A nagaraja (Snake:4)
  3 naga warriors (Snake:4)
  An anaconda (Snake:1)
  4 naga sharpshooters
  3 naga magi (Snake:4)
  A salamander (Snake:4)
  A black mamba (Snake:1)
  3 dancing weapons
  3 nagas
  A centaur (D:15)
  An electric eel (Snake:1)
  5 fungi
  11 plants
38 creatures vanquished.

Grand Total: 1128 creatures vanquished

Notes
Turn   | Place    | Note
-------+----------+-------------------------------------------
     0 | D:1      | Kythnos the Spriggan Enchanter began the quest for the Orb.
     0 | D:1      | Reached XP level 1. HP: 9/9 MP: 5/5
   226 | D:1      | Reached XP level 2. HP: 9/13 MP: 7/7
   230 | D:1      | Learned a level 2 spell: Ensorcelled Hibernation
  1428 | D:1      | Found a deep blue altar of Sif Muna.
  1601 | D:2      | Reached XP level 3. HP: 16/16 MP: 8/8
  1606 | D:2      | Learned a level 3 spell: Confuse
  1631 | D:2      | Learned a level 3 spell: Tukima's Dance
  1754 | D:2      | Found a sparkling altar of Nemelex Xobeh.
  2075 | D:2      | Found a glowing silver altar of Zin.
  2456 | D:2      | Found an ornate altar of the Wu Jian Council.
  2622 | D:2      | Found a basalt altar of Yredelemnul.
  3079 | D:3      | Reached XP level 4. HP: 21/21 MP: 8/11
  3396 | D:3      | Reached skill level 5 in Hexes
  3438 | D:3      | Noticed Musica's ghost (weakling NaTm)
  3475 | D:3      | Killed Musica's ghost
  3477 | D:3      | Reached skill level 5 in Spellcasting
  3477 | D:3      | Reached XP level 5. HP: 16/24 MP: 1/13
  3483 | D:3      | Reached skill level 5 in Stealth
  3697 | D:3      | Found a transporter.
  3718 | D:3      | Found a transporter.
  3762 | D:3      | Reached skill level 6 in Stealth
  4151 | D:3      | Reached XP level 6. HP: 15/28 MP: 14/14
  4411 | D:3      | Reached skill level 7 in Stealth
  4868 | D:4      | Reached skill level 8 in Stealth
  5130 | D:4      | Reached skill level 9 in Stealth
  5130 | D:4      | Reached XP level 7. HP: 20/32 MP: 13/15
  5135 | D:4      | Learned a level 3 spell: Dazzling Spray
  5434 | D:5      | Entered Level 5 of the Dungeon
  5454 | D:5      | Reached skill level 10 in Stealth
  5835 | D:5      | Found a sacrificial altar of Ru.
  5909 | D:5      | Reached skill level 11 in Stealth
  6562 | D:5      | Found a snail-covered altar of Cheibriados.
  6570 | D:5      | Reached skill level 12 in Stealth
  6958 | D:6      | Found a staircase to the Ecumenical Temple.
  6979 | Temple   | Entered the Ecumenical Temple
  7108 | Temple   | Became a worshipper of Dithmenos the Shadowed
  7294 | D:6      | Reached XP level 8. HP: 37/37 MP: 16/16
  7321 | D:6      | Reached skill level 1 in Fighting
  8067 | D:6      | Found a white marble altar of Elyvilon.
  8069 | D:6      | Found a shattered altar of Ashenzari.
  8131 | D:7      | Noticed Menkaure
  8148 | D:7      | Killed Menkaure
  8148 | D:7      | Reached skill level 5 in Dodging
  8274 | D:7      | Found a glowing silver altar of Zin.
  8325 | D:7      | Reached XP level 9. HP: 23/43 MP: 3/19
  8768 | D:7      | Found a deep blue altar of Sif Muna.
  8950 | D:7      | HP: 2/43 [killer bee (8)]
  8954 | D:7      | Reached * piety under Dithmenos
  9289 | D:7      | Noticed AvylaarBelgium's ghost (novice DEIE)
  9300 | D:7      | Killed AvylaarBelgium's ghost
  9300 | D:7      | Reached skill level 13 in Stealth
  9399 | D:7      | Found a blossoming altar of Fedhas.
  9400 | D:7      | Found an ancient bone altar of Kikubaaqudgha.
  9657 | D:8      | Found a burning altar of Makhleb.
  9661 | D:8      | Got a distressingly furry robe
  9673 | D:8      | Identified the +0 robe of Inaction {Dex+2} (You found it on level 8 of the Dungeon)
 10093 | D:8      | Found Zomitz's Jewellery Boutique.
 10129 | D:8      | Found a staircase to the Lair.
 10131 | D:8      | Reached skill level 5 in Short Blades
 10339 | D:8      | Reached XP level 10. HP: 49/49 MP: 22/22
 10503 | D:8      | Noticed a two-headed hydra
 10517 | D:8      | Killed a two-headed hydra
 10753 | D:8      | Reached ** piety under Dithmenos
 11378 | D:9      | Reached skill level 14 in Stealth
 11717 | D:9      | Noticed a two-headed ogre
 11722 | D:9      | Killed a two-headed ogre
 11726 | D:9      | Learned a level 2 spell: Passwall
 11851 | D:9      | Reached XP level 11. HP: 45/54 MP: 24/24
 12477 | D:9      | Reached *** piety under Dithmenos
 12613 | D:9      | Reached skill level 5 in Fighting
 12797 | D:10     | Entered Level 10 of the Dungeon
 13348 | D:10     | Noticed Fannar
 13370 | D:10     | Killed Fannar
 13733 | D:10     | Noticed Urug
 13936 | D:10     | Killed Urug
 14507 | D:10     | Found Tezxam's Weapon Shop.
 14509 | D:10     | Found a staircase to the Orcish Mines.
 14511 | D:10     | Found Giunow's Armour Shop.
 14581 | D:10     | Noticed a two-headed ogre
 14594 | D:10     | Killed a two-headed ogre
 14782 | D:11     | Noticed a seven-headed hydra
 14789 | D:11     | Noticed a two-headed ogre
 14790 | D:11     | Killed a seven-headed hydra
 14790 | D:11     | Reached skill level 10 in Dodging
 14790 | D:11     | Reached skill level 15 in Stealth
 14792 | D:11     | Noticed a two-headed ogre
 14792 | D:11     | Noticed a fire crab
 14806 | D:11     | Noticed a deep elf mage
 14807 | D:11     | Noticed an orc knight
 14811 | D:11     | Reached **** piety under Dithmenos
 14813 | D:11     | Reached skill level 10 in Spellcasting
 14813 | D:11     | Reached skill level 10 in Hexes
 14814 | D:11     | Noticed Sonja
 15208 | D:11     | Noticed a cyan ugly thing
 15239 | D:11     | Killed a two-headed ogre
 15249 | D:11     | Killed a cyan ugly thing
 15366 | D:11     | Noticed an ice dragon
 15381 | D:11     | Killed an ice dragon
 15381 | D:11     | Reached XP level 12. HP: 50/61 MP: 25/27
 15519 | D:11     | Killed Sonja
 15522 | D:11     | Noticed a two-headed ogre
 15536 | D:10     | Killed a two-headed ogre
 15708 | D:11     | Got a brightly glowing rapier {venom}
 15929 | D:11     | Identified the +7 rapier "Ludgheoti" {venom, +Inv Str+5 Int+3 SInv} (You took it off a deep elf mage on level 11 of the Dungeon)
 16058 | D:11     | Identified a scroll of acquirement
 16061 | D:11     | Got a smoking platinum ring
 16062 | D:11     | Identified the ring of Midnight {rElec rC+} (You acquired it on level 11 of the Dungeon)
 16075 | D:11     | Reached skill level 1 in Evocations
 16113 | D:11     | Killed a two-headed ogre
 16152 | D:11     | Noticed a five-headed hydra
 16154 | D:11     | Killed a five-headed hydra
 16154 | D:11     | Reached skill level 5 in Evocations
 16379 | D:11     | Noticed Grum
 16395 | D:11     | Killed Grum
 16788 | D:12     | Found a labyrinth entrance.
 16797 | Lab      | Entered a labyrinth
 17268 | Lab      | Noticed a minotaur
 17273 | Lab      | Killed a minotaur
 17299 | Lab      | Got a transparent robe
 17299 | Lab      | Got a translucent crystal amulet
 17312 | Lab      | Learned a level 8 spell: Discord
 17318 | Lab      | Learned a level 5 spell: Silence
 17321 | Lab      | Identified the amulet of False Hope {RegenMP Stlth+} (You found it in a labyrinth)
 17334 | Lab      | Identified the +1 robe of Grot {Str-2 Int+5} (You found it in a labyrinth)
 17638 | D:12     | Reached ***** piety under Dithmenos
 18240 | D:12     | Noticed a death knight
 18277 | D:11     | Gained mutation: You are clumsy. (Dex -2) [mutagenic glow]
 18409 | D:11     | Lost mutation: You are clumsy. (Dex -2) [potion of mutation]
 18409 | D:11     | Gained mutation: You have large cloven feet. [potion of mutation]
 18409 | D:11     | Gained mutation: You have a pair of small horns on your head. [potion of mutation]
 18409 | D:11     | Gained mutation: You are partially covered in rugged brown scales. (AC +1, +3% HP) [potion of mutation]
 18409 | D:11     | Gained mutation: Your muscles are strong. (Str +2) [potion of mutation]
 18443 | D:12     | HP: 1/63 [death knight/battleaxe (24)]
 18850 | D:11     | Reached skill level 16 in Stealth
 18906 | D:12     | Killed a death knight
 18911 | D:12     | Reached XP level 13. HP: 60/67 MP: 22/28
 20170 | D:13     | Found a gate to the Vaults.
 21547 | D:14     | Noticed Louise
 21550 | D:14     | Killed Louise
 21696 | D:14     | Noticed Azrael
 21702 | D:14     | Killed Azrael
 21744 | D:14     | Reached ****** piety under Dithmenos
 22104 | D:13     | Reached skill level 17 in Stealth
 22215 | Lair:1   | Entered Level 1 of the Lair of Beasts
 23100 | Lair:1   | Reached XP level 14. HP: 74/74 MP: 31/31
 23118 | Lair:1   | Reached skill level 10 in Short Blades
 23714 | Lair:2   | Found a staircase to the Shoals.
 23738 | Lair:2   | Found a staircase to the Snake Pit.
 24453 | Lair:3   | Noticed Snorg
 24456 | Lair:3   | Killed Snorg
 24552 | Lair:3   | Learned a level 4 spell: Cause Fear
 24559 | Lair:3   | Learned a level 6 spell: Deflect Missiles
 25683 | Lair:4   | Found a deep blue altar of Sif Muna.
 25732 | Lair:4   | Found a glowing silver altar of Zin.
 27735 | Lair:5   | Found a staircase to the Slime Pits.
 28420 | Lair:6   | Entered Level 6 of the Lair of Beasts
 28442 | Lair:6   | Reached skill level 18 in Stealth
 29574 | Lair:6   | Reached XP level 15. HP: 61/80 MP: 33/33
 30973 | Orc:1    | Entered Level 1 of the Orcish Mines
 31472 | Orc:2    | Entered Level 2 of the Orcish Mines
 31495 | Orc:2    | Found a staircase to the Elven Halls.
 32244 | Orc:1    | Found a burning altar of Makhleb.
 33477 | Orc:2    | Found Zuumed's Magic Scroll Shoppe.
 33477 | Orc:2    | Found Hemeludu's Weapon Boutique.
 33558 | Orc:2    | Found Qehuiwkur's Antique Weapon Emporium.
 33560 | Orc:2    | Found Zihug's Jewellery Shop.
 33572 | Orc:2    | Bought the macabre finger necklace {rN+} for 520 gold pieces
 33572 | Orc:2    | Bought the ring "Zonurosk" {rCorr Str+4 Dex+2 Stlth+} for 551 gold pieces
 34154 | D:15     | Entered Level 15 of the Dungeon
 34161 | D:15     | Reached skill level 19 in Stealth
 34207 | D:15     | Reached skill level 15 in Dodging
 34619 | D:15     | Found a staircase to the Depths.
 34926 | D:15     | Reached XP level 16. HP: 80/86 MP: 33/35
 35265 | D:15     | Upgraded the game from 0.21-a0-128-gf2b353c to 0.21-a0-135-g8dc100c
 35333 | Depths:1 | Entered Level 1 of the Depths
 35468 | Depths:1 | Found Hicu's Jewellery Shoppe.
 35468 | Depths:1 | Found Jaudgh's Gadget Boutique.
 35469 | Depths:1 | Found Exzou's Gadget Boutique.
 35495 | Depths:1 | Found a gateway to Hell.
 35786 | Depths:1 | Reached skill level 10 in Fighting
 36602 | Depths:1 | Noticed a titan
 36821 | Snake:1  | Entered Level 1 of the Snake Pit
 37134 | Snake:1  | Reached skill level 20 in Stealth
 38290 | Snake:1  | You fall through a shaft!
 38582 | Snake:2  | Reached skill level 15 in Hexes
 38815 | Snake:2  | Learned a level 6 spell: Invisibility
 39898 | Snake:2  | Reached XP level 17. HP: 91/91 MP: 31/36
 40947 | Snake:1  | Got a coiled sapphire amulet
 40948 | Snake:1  | Identified the amulet of Maimej {Reflect Str+4 SH+4} (You took it off a naga on level 1 of the Snake Pit)
 43024 | Snake:4  | Entered Level 4 of the Snake Pit
 45462 | Snake:4  | Got a serpentine rune of Zot
 46839 | Snake:4  | Reached skill level 15 in Spellcasting
 46851 | Snake:4  | Reached XP level 18. HP: 97/97 MP: 29/38
 47907 | Shoals:1 | Entered Level 1 of the Shoals
 48609 | Shoals:1 | HP: 1/97 [merfolk impaler/demon trident of pain (15)]
 48609 | Shoals:1 | Slain by a merfolk impaler

Vault maps used:
D:1:      dpeg_arrival_water_altar, serial_glass, glass_columns_b,
          glass_columns_a, minmay_bisected
D:2:      lemuel_zombie_altar_yredelemnul, zin_treasury, lemuel_round_altar,
          nemelex_altar_shiori, first_bread, hangedman_feature_mirror
D:3:      gammafunk_wand_slinger, st_stairs_9, grunt_ministairs_15,
          minmay_fountain_box
D:5:      black_bear_nest_2, old_standard_altar, slow_altar_2
D:6:      nicolae_overflow_hidden_temple, minmay_temple_entry_glass,
          minmay_misc_feat_nine_boxes
D:7:      lemuel_doored_altar, grunt_temple_overflow_growth_and_decay,
          basic_altar, uniq_menkaure
D:8:      minmay_lair_entry_lava, serial_shops, nicolae_shop_crystal,
          hangedman_ranch, bloody_makhleb
D:10:     orc_david_3, grunt_decor_mini_mirrors, minmay_misc_feat_chi,
          kennysheep_doodads, kennysheep_generic_room_7, uniq_urug, uniq_fannar
D:11:     minmay_the_grid_square_5x5_3x3, uniq_sonja, uniq_grum
D:12:     lab_entry_generic
D:13:     david_vaults_1
D:14:     nrook_mini_backslash, uniq_azrael, uniq_louise
D:15:     hangedman_depths_entry_civil_slaughter
Temple:   minmay_temple_curvy_loop
Lair:2:   elwin_shoals_entry_rocks
Lair:3:   serial_bayou_shore_a, uniq_snorg
Lair:4:   basic_altar, lemuel_oklob_altar, lemuel_fruit_fields
Lair:5:   slime_dummy
Lair:6:   evilmike_catoblepas_cave, serial_bayou_lake_a, grunt_megastairs_2
Shoals:1: serial_shops, shop_fountains, nicolae_shoals_mertower
Snake:1:  serial_bayou_pond_b
Snake:3:  minmay_snake_pond
Snake:4:  snake_pit
Orc:1:    basic_altar
Orc:2:    st_orc_rangers
Depths:1: grunt_pan_entry_spiral, pf_hell_entry_tar_river,
          corexii_hall_statues_l, kennysheep_big_empty_room,
          kennysheep_decorative_pillar, minmay_evil_grid, minmay_shop_grove
Lab:      labyrinth_hidden_loot, nicolae_lab_t_cross, lab_statue,
          nicolae_lab_statue, nicolae_lab_flowing_pool, nicolae_lab_diamond,
          labyrinth_skeletal_remains, nicolae_lab_dead_end

Skill      XL: |  1  2  3  4  5  6  7  8  9 10 11 12 13 14 15 16 17 |
---------------+----------------------------------------------------+-----
Spellcasting   | 3 4 5 6 7 8 10 12 13 14 15 | 15.2
Hexes          | 4 5 6 7 9 10 11 12 13 16 19 | 19.8
Stealth        | 6 9 12 13 14 15 16 17 18 19 20 | 20.6
Fighting       | 2 3 4 6 7 8 9 10 | 10.4
Short Blades   | 3 5 6 8 9 11 12 13 | 13.2
Dodging        | 5 7 8 10 11 12 14 15 16 | 16.2
Evocations     | 8 |  8.1

Action                   |  1- 3 |  4- 6 |  7- 9 | 10-12 | 13-15 | 16-18 || total
-------------------------+-------+-------+-------+-------+-------+-------++-------
Melee: Dagger            |    84 |       |       |       |       |       ||    84
       Short sword       |    19 |   166 |   246 |   322 |       |       ||   753
       Rapier            |       |       |       |   171 |  1074 |   756 ||  2001
       Kick              |       |       |       |    11 |   326 |   266 ||   603
       Headbutt          |       |       |       |     8 |   215 |   179 ||   402
 Cast: Corona            |     7 |     2 |       |       |       |       ||     9
       Ensorcelled Hiber |    24 |    24 |    30 |    60 |    25 |     5 ||   168
       Confuse           |     1 |    15 |    27 |    53 |    24 |    36 ||   156
       Tukima's Dance    |       |     5 |     2 |     4 |     3 |     9 ||    23
       Dazzling Spray    |       |       |     6 |    36 |    24 |   115 ||   181
       Passwall          |       |       |       |     1 |       |       ||     1
       Silence           |       |       |       |       |     2 |     1 ||     3
       Discord           |       |       |       |       |       |    13 ||    13
       Invisibility      |       |       |       |       |       |     4 ||     4
Invok: Shadow Step       |       |       |       |       |    11 |     7 ||    18
 Abil: Evoke Invisibilit |       |       |       |     6 |    23 |     6 ||    35
  Use: Scroll            |     6 |     7 |    10 |    12 |    17 |     8 ||    60
       Potion            |       |     3 |     1 |     2 |     6 |    13 ||    25
 Stab: Sleeping          |    21 |    18 |    36 |    85 |   122 |    60 ||   342
       Confused          |     1 |     3 |    13 |    36 |    16 |    16 ||    85
       Invisible         |       |     4 |     2 |    20 |   116 |    57 ||   199
       Distracted        |       |     2 |     1 |     7 |    20 |    14 ||    44
       Petrified         |       |       |       |       |     1 |       ||     1
  Eat: Bread ration      |     1 |       |       |       |       |     1 ||     2
       Royal jelly       |       |       |     3 |     8 |     6 |     2 ||    19
       Fruit             |       |       |       |       |    14 |    11 ||    25
Armor: Robe              |    11 |    32 |    37 |    32 |    38 |    15 ||   165
Dodge: Dodged            |    71 |   115 |   220 |   466 |   995 |   701 ||  2568
